 Dungeon Crawl Stone Soup version 0.20.1 (webtiles) character file.

807 StormFighter the Cleaver (level 7, -1/57 HPs)
             Began as a Minotaur Fighter on July 2, 2017.
             Slain by bli's ghost (16 damage)
             ... on level 5 of the Dungeon.
             The game lasted 00:04:40 (3197 turns).

StormFighter the Cleaver (Minotaur Fighter)         Turns: 3197, Time: 00:04:40

Health: -1/57      AC:  9    Str: 22    XL:     7   Next: 60%
Magic:  6/6        EV:  5    Int:  5    God:
Gold:   242        SH:  9    Dex: 10    Spells: 6/6 levels left

rFire    . . .     SeeInvis .   a - +0 war axe
rCold    . . .     Gourm    .   c - +0 shield
rNeg     . . .     Faith    .   q - +0 chain mail (curse)
rPois    .         Spirit   .   (helmet restricted)
rElec    .         Reflect  .   (no cloak)
rCorr    .         Harm     .   (no gloves)
MR       .....                  (no boots)
Stlth    ..........             (no amulet)
Regen    0.2/turn               (no ring)
MPRegen  0.1/turn               (no ring)

@: no status effects
A: retaliatory headbutt, horns 2
a: no special abilities


You were on level 5 of the Dungeon.
You were near starving.

You visited 1 branch of the dungeon, and saw 5 of its levels.

You collected 242 gold pieces.

Inventory:

Hand Weapons
 a - a +0 war axe (weapon)
Armour
 c - a +0 shield (worn)
 q - a cursed +0 chain mail (worn)
 u - a +0 large shield
Jewellery
 o - an uncursed amulet of guardian spirit {unknown}
 t - an uncursed ring of see invisible {unknown}
 v - a +4 amulet of reflection {unknown}
Wands
 E - a wand of polymorph (10/24)
Scrolls
 e - 6 scrolls of remove curse {unknown}
 j - a scroll of enchant armour {unknown}
 k - a scroll of noise {unknown}
 l - 5 scrolls of identify {unknown}
 m - 2 scrolls of enchant weapon {unknown}
 p - a scroll of teleportation {unknown}
 r - 2 scrolls of fog {unknown}
 w - 4 scrolls of magic mapping {unknown}
 y - a scroll of blinking {unknown}
 A - a scroll of amnesia {unknown}
Potions
 b - 4 potions of curing {unknown}
 d - 2 potions of might
 h - 2 potions of agility {unknown}
 n - a potion of flight {unknown}
 s - a potion of haste {unknown}
 x - a potion of degeneration {unknown}
 z - 2 potions of brilliance {unknown}
 B - a potion of berserk rage {unknown}
 C - a potion of lignification {unknown}
Books
 D - a book of Cantrips

   Spells                             Type                      Level
   a - Confusing Touch                Hexes                        1
   b - Animate Skeleton               Necromancy                   1
   c - Summon Small Mammal            Summoning                    1
   d - Apportation                    Translocation                1
Comestibles
 f - 6 bread rations
 g - 5 meat rations
 i - 2 royal jellies


   Skills:
 - Level 3.6 Fighting
 + Level 10.4 Axes
 - Level 3.6 Armour
 - Level 3.6 Shields


You had 6 spell levels left.
You didn't know any spells.

Dungeon Overview and Level Annotations

Branches:
Dungeon (5/15)             Temple (0/1) D:5

Altars:
Ashenzari
Fedhas
Qazlal

Annotations:
D:5 bli's ghost, novice DrCj


Innate Abilities, Weirdness & Mutations

You reflexively headbutt those who attack you in melee.
You have a pair of horns on your head.


Message History

Bli's ghost hits you.
You hit bli's ghost.
Bli's ghost is lightly damaged.
You are near starving!
You block bli's ghost's attack.
Your shield and chain mail prevent you from hitting bli's ghost.
Bli's ghost is lightly damaged.
Bli's ghost hits you but does no damage.
You are electrocuted!
* * * LOW HITPOINT WARNING * * *
You are too injured to fight recklessly!
You are too injured to fight recklessly!
You slash bli's ghost!
Bli's ghost is moderately damaged.
Bli's ghost hits you but does no damage.
You closely miss bli's ghost. You headbutt bli's ghost!
Bli's ghost is moderately damaged.
Bli's ghost hits you but does no damage.
You are electrocuted!
You die...

## #.......#.> .#
##......#.#. .#
#..###...#. .# #..#
#...# .# #..####.... .#
#############..........
.#
#......................
.#
....##'##.............
.# # #@##...<#........
.# #W##....#........ .#
#%##....#........ .#
#.##....#........ .#
..##....#........ .#
..#######........ ##
..# ########+ # ...# #


You could see bli's ghost.

Vanquished Creatures
  Grinder (D:5)
  Sigmund (D:4)
  A centaur (D:5)
  A scorpion (D:4)
  A howler monkey (D:4)
  A jelly (D:5)
  2 orc wizards
  A hound zombie (D:4)
  A hound skeleton (D:4)
  7 gnolls
  A howler monkey skeleton (D:4)
  3 adders
  An ooze (D:2)
  2 worms
  3 dart slugs
  3 leopard geckos
  9 orcs
  2 ball pythons (D:4)
  5 bats
  4 giant cockroaches
  A goblin (D:2)
  3 hobgoblins
  5 jackals (D:4)
  3 quokkas
  A frilled lizard (D:1)
  8 kobolds
  4 rats
75 creatures vanquished.

Notes
Turn   | Place    | Note
-------+----------+-------------------------------------------
     0 | D:1      | StormFighter the Minotaur Fighter began the quest for the Orb.
     0 | D:1      | Reached XP level 1. HP: 19/19 MP: 0/0
   112 | D:1      | Reached skill level 3 in Axes
   112 | D:1      | Reached XP level 2. HP: 26/26 MP: 1/1
   567 | D:1      | Reached skill level 4 in Axes
   674 | D:2      | Reached XP level 3. HP: 24/31 MP: 2/2
   932 | D:1      | Reached skill level 5 in Axes
  1209 | D:2      | Reached XP level 4. HP: 31/39 MP: 3/3
  1519 | D:3      | Found a stormy altar of Qazlal.
  1525 | D:3      | Found a blossoming altar of Fedhas.
  1603 | D:3      | Reached skill level 6 in Axes
  1951 | D:3      | Reached XP level 5. HP: 43/45 MP: 4/4
  2230 | D:4      | Reached skill level 7 in Axes
  2233 | D:4      | Noticed Sigmund
  2244 | D:4      | Killed Sigmund
  2244 | D:4      | Reached skill level 8 in Axes
  2244 | D:4      | Reached XP level 6. HP: 39/51 MP: 5/5
  2603 | D:4      | Reached skill level 9 in Axes
  2985 | D:5      | Entered Level 5 of the Dungeon
  2997 | D:5      | Noticed Grinder
  3000 | D:5      | Paralysed by Grinder for 2 turns
  3012 | D:5      | Killed Grinder
  3012 | D:5      | Reached skill level 10 in Axes
  3012 | D:5      | Reached XP level 7. HP: 38/57 MP: 6/6
  3102 | D:5      | Found a shattered altar of Ashenzari.
  3162 | D:5      | Found a staircase to the Ecumenical Temple.
  3191 | D:5      | Noticed bli's ghost (novice DrCj)
  3197 | D:5      | Slain by bli's ghost

Skill      XL: |  1  2  3  4  5  6 |
---------------+-------------------+-----
Axes           | 3 4 5 6 8 10 | 10.4
Fighting       | |  3.6
Armour         | |  3.6
Shields        | |  3.6

Action                   |  1- 3 |  4- 6 |  7- 9 || total
-------------------------+-------+-------+-------++-------
Melee: War axe           |    72 |   146 |    14 ||   232
       Headbutt          |     7 |    25 |     4 ||    36
  Eat: Chunk             |       |     6 |       ||     6
Armor: Scale mail        |    21 |       |       ||    21
       Chain mail        |    18 |    50 |     5 ||    73
Dodge: Dodged            |    20 |    25 |       ||    45
Block: Shield            |    49 |    70 |     9 ||   128
